 Dungeon Crawl Stone Soup version 0.24-a0-169-g71aafec (webtiles) character file.

Game seed: 11945993235162996286

128 XanderDroid the Chopper (level 4, -14/41 HPs)
             Began as a Minotaur Berserker on Mar 7, 2019.
             Was a Believer of Trog.
             Blown up by Ijyb (22 damage)
             ... with a wand of disintegration (11)
             ... on level 3 of the Dungeon.
             The game lasted 00:04:28 (1840 turns).

XanderDroid the Chopper (Minotaur Berserker)        Turns: 1840, Time: 00:04:28

Health: -14/41     AC: 10    Str: 21    XL:     4   Next: 87%
Magic:  3/3        EV:  9    Int:  4    God:    Trog [**....]
Gold:   98         SH:  0    Dex: 11    Spells: 3/3 levels left

rFire    . . .     SeeInvis .   a - +0 hand axe
rCold    . . .     Gourm    .   (no shield)
rNeg     . . .     Faith    .   p - +0 chain mail
rPois    .         Spirit   .   (helmet restricted)
rElec    .         Reflect  .   (no cloak)
rCorr    .         Harm     .   (no gloves)
MR       .....                  i - +0 pair of boots
Stlth    ..........             (no amulet)
HPRegen  0.13/turn              b - ring of flight
MPRegen  0.08/turn              (no ring)

@: no status effects
A: retaliatory headbutt, horns 2
a: Berserk, Trog's Hand, Renounce Religion, Evoke Flight


You were on level 3 of the Dungeon.
You worshipped Trog.
Trog was pleased with you.
You were not hungry.

You visited 1 branch of the dungeon, and saw 3 of its levels.

You collected 98 gold pieces.

Inventory:

Hand Weapons
 a - a +0 hand axe (weapon)
Armour
 i - a +0 pair of boots (worn)
 p - a +0 chain mail (worn)
Jewellery
 b - a ring of flight (left hand)
Scrolls
 d - a scroll of immolation {unknown}
 g - a scroll of enchant armour {unknown}
 h - a scroll of blinking {unknown}
 k - 5 scrolls of identify {unknown}
 l - a scroll of amnesia {unknown}
 o - 2 scrolls of teleportation {unknown}
 q - a scroll of magic mapping {unknown}
Potions
 e - a potion of haste
 j - a potion of degeneration {unknown}
 m - a potion of lignification {unknown}
 n - 2 potions of flight {unknown}
Comestibles
 c - a ration
 f - 21 chunks of flesh


   Skills:
 + Level 4.4 Fighting
 * Level 5.1 Axes
 + Level 3.4 Armour
 + Level 3.1 Dodging


You had 3 spell levels left.
You didn't know any spells.
Your spell library was empty.

Dungeon Overview and Level Annotations

Branches:
Dungeon (3/15)

Altars:

Annotations:
D:3 Ijyb


Innate Abilities, Weirdness & Mutations

You reflexively headbutt those who attack you in melee.
You have a pair of horns on your head.


Message History

Ijyb zaps a wand.
You are blasted!
You barely miss Ijyb.
Ijyb is lightly wounded.
Ijyb hits you but does no damage.
Your chain mail prevents you from hitting Ijyb.
Your headbutt misses Ijyb.
Ijyb is lightly wounded.
Ijyb completely misses you.
You closely miss Ijyb. Your headbutt misses Ijyb.
Ijyb is lightly wounded.
Ijyb zaps a wand.
You are blasted!
* * * LOW HITPOINT WARNING * * *
You hit Ijyb.
Ijyb is moderately wounded.
Ijyb drinks a potion.
Ijyb seems to speed up.
You closely miss Ijyb.
Ijyb is moderately wounded.
Ijyb zaps a wand.
You are blasted!
Ouch! That really hurt!
You die...

#....######.....#
....
#........##.....##
#........###.....#
....รท....##...##.##
......#####..##.#.##
......# #..#...#.#
......#####..#.#...#
.............#..#.##
#####.#########.@##
#.......##.#.g#
#######.##..#..# #..
#.# ### ##


You could see Ijyb.

Vanquished Creatures
  Terence (D:2)
  Natasha (D:2)
  Robin (D:3)
  An adder (D:2)
  An ooze (D:1)
  A worm (D:3)
  An orc (D:3)
  3 bats
  2 giant cockroaches
  16 goblins
  4 hobgoblins
  8 frilled lizards
  5 kobolds
  7 rats
52 creatures vanquished.

Notes
Turn   | Place    | Note
-------+----------+-------------------------------------------
     0 | D:1      | XanderDroid the Minotaur Berserker began the quest for the
                  | Orb.
     0 | D:1      | Reached XP level 1. HP: 19/19 MP: 0/0
   361 | D:1      | Reached skill level 4 in Axes
   361 | D:1      | Reached XP level 2. HP: 27/27 MP: 1/1
   978 | D:2      | Noticed Terence
   984 | D:2      | Killed Terence
   984 | D:2      | Reached XP level 3. HP: 33/33 MP: 2/2
  1117 | D:2      | Reached ** piety under Trog
  1393 | D:2      | Noticed Natasha
  1399 | D:2      | Killed Natasha
  1399 | D:2      | Reached XP level 4. HP: 36/40 MP: 3/3
  1723 | D:3      | Noticed Robin
  1729 | D:3      | Reached skill level 5 in Axes
  1736 | D:3      | Killed Robin
  1834 | D:3      | Noticed Ijyb
  1840 | D:3      | Blown up by Ijyb

Levels and vault maps discovered:
D:1:      sevenhm_arrival_forest_fort_small_3, layout_basic
D:2:      layout_loops_ring, uniq_terence, uniq_natasha
D:3:      layout_basic, marbit_many_paths, uniq_jessica, uniq_ijyb,
          uniq_sigmund, uniq_robin

Skill      XL: |  1  2  3  4 |
---------------+-------------+-----
Axes           | 4 5 |  5.1
Fighting       | 4 |  4.4
Armour         | 3 |  3.4
Dodging        | 3 |  3.1

Action                   |  1- 3 |  4- 6 || total
-------------------------+-------+-------++-------
Melee: Hand axe          |    62 |    46 ||   108
       Headbutt          |    13 |     8 ||    21
Invok: Berserk           |     1 |       ||     1
  Eat: Chunk             |     3 |     1 ||     4
Armor: Animal skin       |    10 |       ||    10
       Ring mail         |    13 |       ||    13
       Chain mail        |       |    32 ||    32
Dodge: Dodged            |    26 |    26 ||    52

Table legend:
 A = Non-vault XP
 B = Vault XP
 C = Vault XP percentage of total XP
 D = Non-vault monster count
 E = Vault monster count
 F = Vault count percentage of total count
                 A         B        C        D         E       F
            +---------+---------+-------+---------+---------+-------
      Total |      72 |     112 |  60.9 |      36 |      16 |  30.8
            +---------+---------+-------+---------+---------+-------
        D:1 |      30 |       0 |   0.0 |      18 |       0 |   0.0
        D:2 |      24 |      71 |  74.7 |       9 |       2 |  18.2
        D:3 |      18 |      41 |  69.5 |       9 |      14 |  60.9
            +---------+---------+-------+---------+---------+-------
